Map: Acid Plant LE

Players

Benirons - Winner!

  • Race: Terran Terran
  • League: Silver
  • Spawn Location: 11:00

Train

  • Race: Zerg Zerg
  • League: Platinum
  • Spawn Location: 5:00

VOD

Have the link to the VOD?

Description

Standard bio play with liberator support v ling bane hydra

Time

  • Played on: Jan. 31, 2018, 3:35 p.m.
  • Length: 15:40
Show
View Real Time Build Order
Export as new Build Order

Benirons Terran - Winner!

Build Orders: Reaper Expand, MMM Bio 

Get SALT Encoding   

  12  0:01  SCV  
  13  0:13  SCV  
  14  0:17  Supply Depot  
  14  0:25  SCV  
  15  0:39  SCV, Barracks  
  16  0:45  Refinery  
  16  0:51  SCV  
  17  1:03  SCV  
  18  1:15  SCV  
  19  1:27  Orbital Command  
  19  1:29  Reaper  
  20  1:42  Command Center  
  20  1:53  SCV  
  21  1:57  Barracks  
  21  2:11  SCV  
  21  2:14  Supply Depot  
  22  2:29  SCV  
  23  2:32  Barracks Reactor  
  23  2:33  Factory  
  23  2:44  Barracks Tech Lab  
  23  2:46  SCV  
  25  2:58  Orbital Command  
  25  3:03  Refinery  
  24  3:12  Supply Depot  
  24  3:16  Marine x2, Stimpack  
  24  3:17  Marine  
  27  3:28  SCV  
  27  3:29  SCV  
  29  3:49  Marine x3  
  29  3:50  SCV x2  
  29  3:54  Starport  
  29  3:55  Factory Reactor  
  34  4:05  Supply Depot  
  34  4:07  SCV x2  
  34  4:09  Marine x3  
  39  4:21  SCV x2  
  41  4:27  Marine x3  
  44  4:37  SCV x2  
  46  4:47  Marine x3  
  46  4:48  Medivac  
  46  4:49  Medivac  
  53  4:54  Engineering Bay  
  53  4:56  Engineering Bay  
  53  4:58  SCV x2  
  55  5:05  Factory Tech Lab, Marine x3  
  58  5:16  Combat Shields  
  58  5:19  Supply Depot  
  58  5:21  Supply Depot  
  58  5:24  Marine x3  
  58  5:27  Terran Infantry Weapons Level 1, Terran Infantry Armor Level 1  
  61  5:41  SCV  
  61  5:42  SCV  
  63  5:44  Refinery  
  63  5:45  Refinery  
  63  5:46  Supply Depot  
  63  5:48  Supply Depot  
  63  5:52  Command Center, Marine x2  
  63  5:53  Marine  
  63  5:56  SCV x2  
  68  6:23  Marine x3  
  65  6:41  Marine x3  
  65  6:42  SCV x2  
  68  6:59  Marine x2  
  68  7:01  Supply Depot  
  70  7:05  Marine  
  70  7:07  Supply Depot  
  71  7:10  Barracks  
  71  7:11  Medivac  
  71  7:12  Barracks, Viking  
  71  7:13  Barracks  
  75  7:19  SCV x2, Orbital Command, Armory  
  75  7:20  Marine  
  75  7:21  Marine, Armory  
  79  7:25  Liberator x2  
  79  7:35  Supply Depot  
  85  7:51  Supply Depot  
  85  8:04  Marine x3  
  88  8:07  Barracks Reactor x3  
  88  8:09  Terran Vehicle And Ship Armor Level 1  
  88  8:10  Terran Ship Weapons Level 1  
  88  8:11  Terran Infantry Armor Level 2  
  88  8:18  SCV x3  
  91  8:42  Marine x3  
  91  8:48  Marine x4, Supply Depot  
  94  8:49  Marine x2, Supply Depot  
  94  8:52  Medivac  
  94  8:53  Medivac  
  104  9:09  Marine x2  
  105  9:10  Marine x6  
  105  9:12  Terran Infantry Weapons Level 2  
  104  9:37  Liberator x2  
  100  9:41  Marine x7  
  100  9:42  Marine  
  96  9:55  Marine  
  96  9:58  Marine  
  96  9:59  Marine  
  105  10:03  Orbital Command  
  105  10:08  Marine x4  
  105  10:09  Marine x2  
  105  10:11  Supply Depot  
  105  10:12  Terran Vehicle And Ship Armor Level 2, Terran Ship Weapons Level 2  
  105  10:13  Supply Depot  
  111  10:17  Marine x3  
  114  10:29  Refinery  
  114  10:30  Marine x5  
  114  10:31  Marine  
  114  10:32  Refinery  
  114  10:34  Marine  
  121  10:46  Marine x2  
  121  10:49  Medivac x2  
  127  10:55  Marine x4  
  127  10:56  Marine x3  
  134  11:04  Marine  
  134  11:07  Liberator  
  134  11:08  Liberator  
  135  11:17  Marine x5  
  135  11:18  Marine x2  
  119  11:19  Terran Infantry Armor Level 3  
  119  11:22  Marine x2  
  119  11:35  Marine  
  120  11:42  Marine x7  
  120  11:43  Marine  
  94  11:51  SCV x3  
  94  11:53  Marine  
  98  11:59  Marine  
  98  12:00  Liberator x2, Marine x2  
  100  12:05  Concussive Shells  
  100  12:07  Marauder  
  102  12:12  Supply Depot  
  102  12:14  Supply Depot  
  102  12:22  Terran Infantry Weapons Level 3  
  108  12:44  Marine  
  108  12:45  Marine x5  
  108  12:47  Marine x2, Marauder  
  118  13:06  Marine  
  118  13:07  Marine x4  
  118  13:08  Marine x2  
  118  13:09  Marine  
  118  13:10  Marauder  
  128  13:27  Marine  
  128  13:28  Marine x7  
  128  13:29  Unknown  
  130  13:47  Liberator x2  
  116  13:49  Marine x6  
  116  13:50  Marauder  
  116  14:05  Marine x2  
  116  14:06  Marine  
  125  14:11  Marauder  
  125  14:14  Marine x2  
  125  14:15  Marine x2  
  131  14:30  Liberator x2  
  131  14:33  Command Center, Marauder  
  132  14:40  Marine x7  
  113  14:56  Marine x2  
  115  15:04  Marine x3  
  115  15:05  Marine x4  
  113  15:15  Marine x2  
Show
View Real Time Build Order
Export as new Build Order

Train Zerg 

Build Orders: Hatch First 

Get SALT Encoding   

  12  0:01  Drone  
  13  0:13  Overlord  
  13  0:17  Drone  
  14  0:31  Drone x2  
  14  0:35  Drone  
  17  0:46  Drone  
  18  0:57  Hatchery  
  18  0:59  Extractor  
  18  1:00  Drone  
  17  1:17  Spawning Pool, Drone  
  17  1:20  Drone  
  18  1:29  Drone  
  19  1:39  Drone  
  20  1:50  Overlord  
  20  2:08  Drone  
  21  2:11  Queen x2  
  21  2:13  Metabolic Boost  
  21  2:15  Drone x2  
  27  2:28  Drone  
  27  2:29  Drone  
  29  2:31  Drone  
  30  2:38  Drone  
  31  2:45  Drone  
  31  2:50  Hatchery  
  31  2:52  Queen  
  33  3:02  Drone x3  
  36  3:28  Overlord x2  
  36  3:35  Overlord  
  36  3:36  Overlord  
  36  3:45  Queen x2  
  36  3:46  Hatchery  
  39  4:01  Drone  
  39  4:02  Drone x4, Overlord  
  44  4:03  Queen  
  46  4:14  Zergling x6  
  49  4:27  Drone x4, Overlord  
  49  4:29  Zergling x2  
  54  4:31  Zergling x6  
  57  4:39  Drone x3  
  57  4:42  Queen  
  57  4:44  Queen  
  64  4:48  Lair  
  64  4:52  Evolution Chamber  
  63  4:53  Evolution Chamber  
  63  4:54  Drone  
  63  4:55  Extractor, Drone x2  
  63  4:57  Drone  
  65  5:04  Drone x3  
  65  5:06  Extractor  
  67  5:09  Drone x3  
  67  5:10  Extractor  
  69  5:20  Pneumatized Carapace  
  69  5:30  Drone x2  
  69  5:31  Drone x2, Overlord  
  69  5:33  Drone  
  74  5:38  Drone  
  74  5:39  Extractor, Drone x2  
  74  5:40  Drone x6  
  82  5:46  Zerg Ground Armor Level 1  
  82  5:49  Zerg Melee Weapons Level 1  
  82  6:13  Hydralisk Den  
  82  6:16  Drone x3  
  63  6:29  Zergling x2  
  63  6:30  Zergling x24  
  63  6:31  Zergling x16  
  73  6:43  Zergling x2  
  73  6:44  Zergling x14  
  73  6:45  Zergling x4  
  79  6:53  Drone x4  
  78  6:57  Queen  
  78  6:58  Queen  
  78  6:59  Queen  
  78  7:00  Queen  
  86  7:04  Extractor  
  86  7:05  Hydralisk x3  
  91  7:20  Drone x3  
  91  7:21  Drone x6  
  99  7:44  Burrow  
  99  7:46  Baneling Nest  
  99  7:49  Grooved Spines  
  99  7:50  Hydralisk x3  
  99  7:51  Overlord x3  
  104  7:56  Zerg Missile Weapons Level 1  
  99  8:08  Zerg Ground Armor Level 2  
  99  8:09  Hydralisk  
  99  8:10  Hydralisk x3  
  99  8:12  Zergling x6  
  110  8:13  Zergling x10  
  110  8:17  Drone x3  
  118  8:25  Drone x2  
  118  8:26  Drone  
  121  8:27  Drone  
  121  8:28  Drone  
  123  8:48  Hydralisk x2  
  125  8:49  Overlord  
  125  8:50  Overlord  
  127  9:06  Overlord x2  
  127  9:07  Hatchery  
  126  9:13  Muscular Augments, Hydralisk x4  
  126  9:14  Hydralisk x4  
  126  9:16  Zergling x2, Overlord x3  
  137  9:25  Hydralisk x2  
  137  9:26  Hydralisk x5  
  137  9:27  Zergling x6  
  130  9:35  Hydralisk x3  
  108  9:48  Baneling x4  
  108  9:49  Hydralisk x2, Baneling x4  
  108  9:50  Zergling x8  
  108  9:51  Zergling x6  
  115  10:00  Centrifical Hooks  
  115  10:04  Drone x2  
  115  10:05  Drone x2, Queen  
  121  10:24  Zergling x4, Hydralisk x4  
  121  10:25  Zergling x6  
  121  10:27  Overseer  
  134  10:29  Overseer  
  134  10:37  Hydralisk  
  134  10:38  Hydralisk x3  
  142  10:51  Hydralisk  
  142  10:52  Zergling x2, Hydralisk x3  
  153  10:59  Hydralisk x2  
  153  11:00  Zergling x2  
  153  11:01  Zergling x2  
  153  11:02  Zergling x2  
  160  11:09  Hydralisk x2  
  160  11:10  Zergling x2  
  160  11:11  Hydralisk  
  158  11:16  Hydralisk  
  158  11:17  Zergling x2  
  127  11:19  Zergling x4  
  102  11:27  Baneling x5  
  102  11:28  Baneling x2  
  102  11:29  Hydralisk  
  102  11:30  Zergling x6, Hydralisk  
  102  11:31  Zergling x2  
  110  11:36  Hydralisk  
  110  11:37  Zergling x4  
  114  11:43  Zergling x4, Hydralisk  
  114  11:44  Zergling x2  
  114  11:45  Zergling x2  
  105  11:48  Zergling x4  
  107  12:04  Hatchery  
  107  12:05  Zerg Missile Weapons Level 2  
  106  12:14  Infestation Pit  
  105  12:27  Hydralisk  
  105  12:28  Hydralisk x4  
  105  12:29  Zergling x2  
  117  12:30  Zergling x2  
  117  12:32  Baneling x2  
  117  12:33  Baneling x2  
  117  12:35  Hatchery  
  116  12:45  Overseer  
  116  12:46  Overseer  
  116  12:49  Zergling x2, Hydralisk x3  
  116  12:50  Zergling x4  
  125  12:56  Hive  
  125  13:13  Hydralisk  
  125  13:14  Zergling x8, Hydralisk x2  
  125  13:15  Zergling x2  
  125  13:17  Baneling x2  
  125  13:18  Baneling  
  136  13:30  Baneling  
  136  13:31  Baneling x4  
  133  13:40  Zergling x4, Hydralisk x3  
  133  13:41  Zergling x4  
  118  13:49  Zergling x2, Hydralisk  
  118  13:52  Zergling x4, Hydralisk x2  
  118  13:53  Zergling x2  
  124  14:00  Hydralisk  
  124  14:01  Zergling x6  
  124  14:02  Zergling x2  
  115  14:06  Zergling x4  
  115  14:09  Baneling x4  
  105  14:10  Baneling  
  105  14:11  Baneling  
  105  14:15  Zergling x4  
  107  14:19  Baneling x2  
  104  14:29  Hydralisk x2  
  104  14:30  Zergling x8  
  109  14:36  Hydralisk x2  
  109  14:37  Zergling x4  
  109  14:38  Zergling x2  
  108  14:39  Zergling x2  
  108  14:40  Zergling x2  
  108  14:41  Zergling x2  
  108  14:44  Zergling x6  
  93  14:48  Hydralisk  
  93  14:49  Zergling x2  
  93  14:52  Baneling x4  
  88  14:53  Baneling x3  
  88  14:55  Zergling x2  
  86  15:00  Zergling x2, Hydralisk  
  86  15:01  Zergling x4  
  86  15:06  Zergling x2, Hydralisk  
  84  15:12  Zergling x2  
  67  15:23  Spore Crawler  
  67  15:24  Spore Crawler  
  67  15:28  Spine Crawler  
Tags
 
Add a new tag
Caveats
  • Supply blocks, unpowered buildings, or Contaminate may cause inaccurate times.
  • Supply counts are checked every 10 seconds.